 Dungeon Crawl Stone Soup version 0.31-a0-845-g9abc20d24f (webtiles) character file.

Game seed: 10895653888585443990

49 Shayle the Conjurer (level 3, -2/25 (28) HPs)
             Began as a Demonspawn Reaver on Oct 2, 2023.
             Slain by a worm (8 damage)
             ... on level 2 of the Dungeon.
             The game lasted 00:03:22 (1073 turns).

Shayle the Conjurer (Demonspawn Reaver)             Turns: 1073, Time: 00:03:23

HP:   -2/25 (28)    AC:  3    Str: 12    XL:     3   Next: 53%
MP:   6/6           EV: 11    Int: 18    God:
Gold: 49            SH:  0    Dex: 11    Spells: 6/7 levels left

rFire   . . .        c - +0 trident
rCold   . . .        (no shield)
rNeg    . . .        b - +0 leather armour
rPois   .            (no helmet)
rElec   .            (no cloak)
rCorr   .            (no gloves)
SInv    .            (no boots)
Will    .....        (no amulet)
Stlth   +            (no ring)
HPRegen 0.24/turn    (no ring)
MPRegen 0.10/turn

%: no passive effects
@: heavily drained
A: powered by death 1, big brain 1
a: no special abilities


You were on level 2 of the Dungeon.
You visited 1 branch of the dungeon, and saw 2 of its levels.

You collected 49 gold pieces.

Inventory:

Hand Weapons
 a - a +0 spear
 c - a +0 trident (weapon)
Armour
 b - a +0 leather armour (worn)
 g - a +0 kite shield
Jewellery
 e - a ring of positive energy
Scrolls
 d - a scroll of identify {unknown}
Potions
 f - a potion of attraction {unknown}


   Skills:
 + Level 2.6 Fighting
 - Level 2.6 Polearms
 + Level 2.3 Dodging
 + Level 2.5 Spellcasting
 - Level 3.0 Conjurations
 + Level 1.4 Necromancy


You had 6 spell levels left.
You knew the following spells:

 Your Spells              Type           Power      Damage    Failure   Level
a - Kiss of Death         Conj/Necr      40%        2d8       9%          1

Your spell library contained the following spells:

 Spells                   Type           Power      Damage    Failure   Level
 Shock                    Conj/Air       28%        1d4       12%         1
 Momentum Strike          Conj/Tloc      14%        3d8       19%         2
 Hailstorm                Conj/Ice       7%         3d4       34%         3
 Frozen Ramparts          Ice            4%         1d1       54%         3
 Swiftness                Air            2%         N/A       54%         3
 Airstrike                Air            1%         2d(1-17)  91%         4
 Petrify                  Tmut/Erth      2%         N/A       91%         4
 Metabolic Englaciation   Hex/Ice        1%         N/A       99%         5


Dungeon Overview and Level Annotations

Branches:
Dungeon (2/15)

Altars:


Innate Abilities, Weirdness & Mutations

You regenerate a little health from kills.
You have an unusually large brain. (Int +2)


Message History

Casting: Kiss of Death (safe; 9% risk of failure)
Confirm with . or Enter, or press ? or * to list all spells.
Aiming: Kiss of Death (safe; 9% risk of failure)
Press: ? - help, Shift-Dir - straight line, f - adder
Aim: an adder (almost dead, 100% to hit)
The negative energy hits the adder!
The adder is drained!
You kill the adder!
You feel drained.
You start resting.
Magic restored.
You start resting.
HP restored.
You now have 49 gold pieces (gained 14).
You pick up a book of Sloth and begin reading...
You add the spells Frozen Ramparts, Petrify and Metabolic Englaciation to your library.
A ball python comes into view.
The ball python hisses angrily.
A worm comes into view.
The ball python closely misses you. The ball python grabs you.
The ball python constricts you.
You hit the ball python.
The ball python is severely wounded.
The ball python bites you. The ball python constricts you.
You puncture the ball python!
You kill the ball python!
The worm bites you.
You barely miss the worm. The worm bites you!
You hit the worm.
The worm is lightly wounded.
You completely miss the worm.
The worm is lightly wounded.
The worm misses you.
You hit the worm.
The worm is moderately wounded.
The worm bites you!
* * * LOW HITPOINT WARNING * * *
You barely miss the worm.
The worm is moderately wounded.
The worm bites you!
You die...

.........#
.....##.#########
................+
#######†#.#.######
..........#.....#
#######.#.#####.#
###.### #.# #...#
##.##
###'########.@.#
#............w.#
#..............#
#..............#
###.########...#
#<# #...# ###
#...# ....#


You could see a worm.

Vanquished Creatures
  A gnoll (D:1)
  An adder (D:2)
  3 dart slugs (D:1)
  6 ball pythons
  3 goblins (D:1)
  2 quokkas
  3 bats (D:1)
  A frilled lizard (D:1)
  4 kobolds (D:1)
  2 rats
26 creatures vanquished.

Notes
Turn   | Place    | Note
-------+----------+-------------------------------------------
     0 | D:1      | Shayle the Demonspawn Reaver began the quest for the Orb.
     0 | D:1      | Reached XP level 1. HP: 16/16 MP: 3/3
   217 | D:1      | Gained mutation: You regenerate a little health from kills.
                  | [demonic ancestry]
   217 | D:1      | Reached XP level 2. HP: 22/22 MP: 5/5
   287 | D:1      | Reached skill level 1 in Necromancy
   476 | D:1      | Gained mutation: You have an unusually large brain. (Int
                  | +2) [demonic ancestry]
   476 | D:1      | Reached XP level 3. HP: 6/26 MP: 4/6
  1073 | D:2      | Slain by a worm

Illustrated notes

Levels and vault maps discovered:
D:1:      giann_horns, layout_basic
D:2:      layout_basic, chequers_serial_rivers_room_a, uniq_terence

Skill      XL: |  1  2 |
---------------+-------+-----
Dodging        | 2 |  2.3
Necromancy     | 1 |  1.4
Fighting       | |  2.6
Polearms       | |  2.6
Spellcasting   | |  2.5
Conjurations   | |  3.0

Action                     || total
---------------------------++-------
  Melee: Trident           ||   114
         Punch             ||     2
   Cast: Kiss of Death     ||     2
 Armour: Leather armour    ||    75
  Dodge: Dodged            ||    68

Table legend: (Time is in decaauts)
 A = Elapsed time spent in this place.
 B = Non-inter-level travel time spent in this place.
 C = Inter-level travel time spent in this place.
 D = Time resting spent in this place.
 E = Time spent auto-exploring this place.
 F = Levels seen in this place.
 G = Mean time per level.
                   A        B        C        D        E       F      G
               +--------+--------+--------+--------+--------+-----+--------+
         Total |   1091 |   1041 |     50 |    155 |    590 |   2 |  545.5 |
       Dungeon |   1091 |   1041 |     50 |    155 |    590 |   2 |  545.5 |
               +--------+--------+--------+--------+--------+-----+--------+

Top non-repeatable levels by time:
     D:1: 940 daAuts
     D:2: 151 daAuts
